 Dungeon Crawl Stone Soup version 0.28-a0-802-g09f76e8c00 (webtiles) character file.

Game seed: 15840879746737417148

90 nicknak712 the Skirmisher (level 4, -3/37 HPs)
             Began as a Demonspawn Fighter on Nov 6, 2021.
             Killed from afar by Grinder (6 damage)
             ... with a puff of flame
             ... on level 3 of the Dungeon.
             The game lasted 00:08:48 (2313 turns).

nicknak712 the Skirmisher (Demonspawn Fighter)      Turns: 2313, Time: 00:08:49

Health: -3/37      AC:  6    Str: 18    XL:     4   Next: 32%
Magic:  0/4        EV:  5    Int:  9    God:
Gold:   149        SH: 12    Dex: 12    Spells: 3/3 levels left

rFire   . . .      SeeInvis .     - Unarmed
rCold   . . .      Faith    .   p - +0 tower shield
rNeg    . . .      Spirit   +   b - +0 scale mail
rPois   +          Reflect  .   (no helmet)
rElec   .          Harm     .   (no cloak)
rCorr   .          Rampage  .   (no gloves)
Will    .....                   (no boots)
Stlth   ..........              h - amulet of guardian spirit
HPRegen 0.12/turn               f - ring of poison resistance
MPRegen 0.09/turn               (no ring)

@: mighty
A: claws 1, weakness stinger 1
a: no special abilities


You were on level 3 of the Dungeon.
You visited 1 branch of the dungeon, and saw 3 of its levels.

You collected 149 gold pieces.

Inventory:

Hand Weapons
 a - a +0 flail
Missiles
 e - 37 poisoned darts (quivered)
Armour
 b - a +0 scale mail (worn)
 c - a +0 buckler
 p - a +0 tower shield (worn)
Jewellery
 f - a ring of poison resistance (left claw)
 h - an amulet of guardian spirit (around neck)
Wands
 k - a wand of acid (8)
Scrolls
 j - a scroll of enchant weapon {unknown}
 n - a scroll of torment {unknown}
 q - a scroll of teleportation {unknown}
 r - 3 scrolls of vulnerability {unknown}
Potions
 d - a potion of might
 g - a potion of curing {unknown}
 i - a potion of brilliance {unknown}
 l - a potion of flight {unknown}
 m - a potion of attraction {unknown}
 o - a potion of magic {unknown}


   Skills:
 * Level 3.8 Fighting
 - Level 2.3 Maces & Flails
 + Level 3.0 Armour
 + Level 3.1 Shields
 * Level 1.2 Unarmed Combat


You had 3 spell levels left.
You didn't know any spells.
Your spell library was empty.

Dungeon Overview and Level Annotations

Branches:
Dungeon (3/15)

Altars:

Annotations:
D:3 Grinder


Innate Abilities, Weirdness & Mutations

You have sharp fingernails.
You have a small tail.


Message History

Grinder hits you.
You writhe in agony.
You can move again.
Your shield prevents you from hitting Grinder.
Grinder is moderately wounded.
Grinder blinks!
You completely miss Grinder.
Your tail-slap misses Grinder.
Grinder is moderately wounded.
Grinder hits you.
You writhe in agony.
Grinder zaps a wand.
The puff of flame hits you.
You closely miss Grinder.
Grinder is moderately wounded.
Grinder blinks!
You feel very mighty all of a sudden.
No target in view!
No target in view!
No target in view!
Grinder is nearby!
Grinder says, "There's only one good use for a tongue: cutting it out."
You scratch Grinder.
Grinder is moderately wounded.
Grinder blinks!
No target in view!
No target in view!
Grinder is nearby!
A giant cockroach comes into view.
You closely miss Grinder.
Grinder is moderately wounded.
Grinder hits you.
You writhe in agony.
The giant cockroach waves its antennae.
Grinder gestures at you. Pain shoots through your body!
* * * LOW HITPOINT WARNING * * *
You scratch Grinder.
Grinder is heavily wounded.
Grinder hits you!
* * * LOW HITPOINT WARNING * * *
You closely miss Grinder.
Your tail-slap misses Grinder.
Grinder is heavily wounded.
Grinder zaps a wand.
The puff of flame hits you.
You die...

# ### #####.
..# ....#.###(#
#..B5.#.#
#.#@#.# #>....#
###.### #.#
#####.# #######
#.....#
#.....###.#####
#............#
#............#


You could see Grinder and a giant cockroach.

Vanquished Creatures
  5 adders (D:2)
  2 dart slugs
  6 endoplasms
  A giant cockroach (D:1)
  6 goblins
  5 hobgoblins
  A quokka (D:2)
  2 ball pythons (D:2)
  2 bats (D:2)
  A frilled lizard (D:1)
  5 kobolds
  4 rats
40 creatures vanquished.

Notes
Turn   | Place    | Note
-------+----------+-------------------------------------------
     0 | D:1      | nicknak712 the Demonspawn Fighter began the quest for the
                  | Orb.
     0 | D:1      | Reached XP level 1. HP: 18/18 MP: 1/1
   432 | D:1      | Discovered your monstrous ancestry.
   432 | D:1      | Gained mutation: You have a small tail. [demonic ancestry]
   432 | D:1      | Reached XP level 2. HP: 20/24 MP: 0/2
  1489 | D:2      | Gained mutation: You have sharp fingernails. [demonic
                  | ancestry]
  1489 | D:2      | Reached XP level 3. HP: 29/29 MP: 3/3
  1891 | D:2      | Reached XP level 4. HP: 22/37 MP: 4/4
  1899 | D:2      | Reached skill level 1 in Unarmed Combat
  2291 | D:3      | Noticed Grinder
  2299 | D:3      | Paralysed by Grinder for 2 turns
  2313 | D:3      | Killed from afar by Grinder

Illustrated notes

Levels and vault maps discovered:
D:1:      enne_arrival_octagon_isle, layout_loops_ring, minivault_14,
          minmay_misc_feat_more_columns, minivault_5
D:2:      layout_rooms
D:3:      layout_loops_cross, uniq_grinder

Skill      XL: |  1  2  3  4 |
---------------+-------------+-----
Maces & Flails | 2 |  2.3
Shields        | 3 |  3.1
Armour         | 3 |  3.0
Unarmed Combat | 1 |  1.2
Fighting       | |  3.8

Action                   |  1- 3 |  4- 6 || total
-------------------------+-------+-------++-------
Melee: Flail             |    61 |       ||    61
       Tailslap          |    10 |     4 ||    14
       Unarmed           |    59 |    31 ||    90
  Use: Potion            |       |     1 ||     1
Armor: Scale mail        |    49 |     7 ||    56
Dodge: Dodged            |    46 |     2 ||    48
Block: Buckler           |    23 |       ||    23
       Tower shield      |    23 |    14 ||    37

Table legend: (Time is in decaauts)
 A = Elapsed time spent in this place.
 B = Non-inter-level travel time spent in this place.
 C = Inter-level travel time spent in this place.
 D = Time resting spent in this place.
 E = Time spent auto-exploring this place.
 F = Levels seen in this place.
 G = Mean time per level.
                   A        B        C        D        E       F      G
               +--------+--------+--------+--------+--------+-----+--------+
         Total |   2352 |   2240 |    112 |    543 |   1348 |   3 |  784.0 |
       Dungeon |   2352 |   2240 |    112 |    543 |   1348 |   3 |  784.0 |
               +--------+--------+--------+--------+--------+-----+--------+

Top non-repeatable levels by time:
     D:1: 1335 daAuts
     D:2: 972 daAuts
     D:3: 45 daAuts
